Map: Blackpink LE

Players

MGFrost - Winner!

  • Race: Terran Terran
  • League: Platinum
  • Spawn Location: 1:00

Kozzy

  • Race: Protoss Protoss
  • League: Gold
  • Spawn Location: 7:00

VOD

Have the link to the VOD?

Description

Time

  • Played on: April 4, 2018, 2:23 a.m.
  • Length: 4:39
Show
View Real Time Build Order
Export as new Build Order

MGFrost Terran - Winner!

Build Orders:  

Get SALT Encoding   

  12  0:02  SCV  
  13  0:15  SCV  
  13  0:18  Supply Depot  
  14  0:27  SCV  
  15  0:39  SCV  
  15  0:41  Supply Depot  
  16  0:51  SCV  
  17  1:04  Barracks, SCV  
  18  1:18  SCV  
  19  1:34  Barracks x2  
  19  1:38  Barracks, SCV  
  20  1:55  Marine  
  22  2:08  Orbital Command  
  22  2:11  Refinery  
  22  2:13  Marine  
  22  2:21  Marine x2  
  24  2:31  Marine  
  24  2:38  Marine  
  24  2:41  SCV  
  24  2:42  Marine x2  
  28  2:44  Supply Depot  
  28  2:49  Marine  
  29  2:59  SCV  
  29  3:00  Marine  
  29  3:05  Marine  
  31  3:07  Supply Depot, Marine  
  31  3:11  Barracks Tech Lab  
  33  3:18  Marine  
  34  3:23  Marine  
  34  3:25  Marine  
  34  3:26  SCV  
  37  3:27  Refinery  
  37  3:29  Supply Depot  
  37  3:38  SCV  
  38  3:45  Marine  
  38  4:00  Marine x3  
  41  4:02  Marine  
  41  4:17  Marine  
  41  4:18  Marine x2  
Show
View Real Time Build Order
Export as new Build Order

Kozzy Protoss 

Build Orders:  

Get SALT Encoding   

  12  0:02  Probe  
  14  0:14  Probe  
  14  0:19  Pylon  
  14  0:26  Probe  
  15  0:38  Probe (Chrono Boost)  
  15  0:40  Gateway  
  16  0:48  Assimilator  
  17  0:50  Probe (Chrono Boost)  
  17  0:58  Probe (Chrono Boost)  
  17  1:01  Assimilator  
  18  1:04  Probe  
  19  1:19  Probe  
  19  1:21  Pylon  
  20  1:30  Cybernetics Core  
  20  1:43  Forge  
  20  1:45  Probe (Chrono Boost)  
  21  1:56  Probe (Chrono Boost)  
  21  1:58  Pylon  
  22  2:04  Stalker (Chrono Boost)  
  24  2:18  Shield Battery  
  24  2:26  Warp Gate  
  24  2:27  Protoss Ground Weapons Level 1  
  24  2:42  Pylon  
  24  2:50  Gateway  
  24  2:55  Stalker  
  26  3:09  Gateway  
  26  3:30  Photon Cannon  
  26  3:40  Gateway  
  26  3:45  Stalker (Chrono Boost)  
  28  3:50  Pylon  
  28  4:00  Shield Battery  
  28  4:17  Stalker (Chrono Boost)  
  26  4:29  Pylon  
  28  4:39  Pylon  
Tags
 
Add a new tag
Caveats
  • Supply blocks, unpowered buildings, or Contaminate may cause inaccurate times.
  • Supply counts are checked every 10 seconds.